 Dungeon Crawl Stone Soup version 0.18.1-50-g88ac8fd (webtiles) character file.

2120 ololoev the Grappler (level 9, -3/85 (88) HPs)
             Began as a Troll Berserker on Oct 28, 2016.
             Was a Priest of Trog.
             Slain by an orc warrior
             ... wielding a +1 vampiric trident
              (16 damage)
             ... on level 9 of the Dungeon.
             The game lasted 00:13:08 (1656 turns).

ololoev the Grappler (Troll Berserker)              Turns: 1656, Time: 00:13:08

HP:   -3/85 (88)    AC:  5    Str: 28    XL:     9   Next: 8%
MP:   8/8           EV: 11    Int:  4    God:    Trog [***...]
Gold: 129           SH:  0    Dex: 10    Spells: 0 memorised, 8 levels left

rFire  . . .     SeeInvis .       - Unarmed
rCold  . . .     Gourm    +     a - +0 animal skin
rNeg   . . .     Faith    .     (no shield)
rPois  .         Spirit   .     (helmet restricted)
rElec  .         Dismiss  .     (no cloak)
rCorr  .         Reflect  .     (gloves unavailable)
SustAt .         Harm     .     (boots unavailable)
MR     ++...                    (no amulet)
Stlth  +.........               (no ring)
                                (no ring)

@: regenerating, very resistant to hostile enchantments, very unstealthy
A: unfitting armour, claws 3, fast metabolism 3, gourmand, regeneration 2,
shaggy fur 1, tough skin 2
a: Berserk, Trog's Hand, Burn Spellbooks, Renounce Religion


Innate Abilities, Weirdness & Mutations

You are too large for most types of armour.
You have claws for hands.
Your metabolism is lightning-fast.
You like to eat raw meat.
You heal very quickly.
You are covered in fur (AC +1).
You have very tough skin (AC +2).

Inventory:

Missiles
 h - a throwing net (quivered)
Armour
 a - a +0 animal skin (worn)
Scrolls
 d - 4 scrolls of remove curse
 g - a scroll of recharging {unknown}
 k - 2 scrolls of fear
 m - a scroll of fog {unknown}
 r - a scroll of enchant weapon {unknown}
 u - a scroll of immolation {unknown}
Potions
 c - a potion of curing
 e - a potion of resistance {unknown}
 f - a potion of cancellation {unknown}
 i - a potion of lignification
 n - 2 potions of might
 s - a potion of degeneration {unknown}
Books
 q - a book of Power

   Spells                             Type                      Level
   a - Fulminant Prism                Conjuration/Hexes            4
   b - Iskenderun's Mystic Blast      Conjuration                  4
   c - Venom Bolt                     Conjuration/Poison           5
   d - Bolt of Magma                  Conjuration/Fire/Earth       5
   e - Iron Shot                      Conjuration/Earth            6
   f - Orb of Destruction             Conjuration                  7
   g - Spellforged Servitor           Conjuration/Summoning        7
   Trog disapproves of the use of such an item.
Comestibles
 b - 8 bread rations
 j - 4 fruits
 l - a slice of pizza
 o - 6 beef jerkies
 p - a royal jelly
 t - 6 chunks of flesh


   Skills:
 + Level 5.1 Fighting
 + Level 4.3 Throwing
 + Level 1.3 Armour
 + Level 4.9 Dodging
 * Level 8.2 Unarmed Combat


You had 8 spell levels left.
You didn't know any spells.


You were on level 9 of the Dungeon.
You worshipped Trog.
Trog was most pleased with you.
You were very full.

You visited 1 branch of the dungeon, and saw 9 of its levels.

You collected 129 gold pieces. ## .. #. ###.####### #....@ooo.# #.#.#####..# #

Notes
Turn   | Place    | Note
--------------------------------------------------------------
     0 | D:1      | ololoev the Troll Berserker began the quest for the Orb.
     0 | D:1      | Reached XP level 1. HP: 22/22 MP: 0/0
    58 | D:2      | Reached XP level 2. HP: 29/29 MP: 1/1
    82 | D:2      | Found an ancient bone altar of Kikubaaqudgha.
   190 | D:3      | Found a stormy altar of Qazlal.
   230 | D:3      | Reached XP level 3. HP: 36/36 MP: 2/2
   374 | D:3      | Reached ** piety under Trog
   463 | D:2      | Found an iron altar of Okawaru.
   556 | D:5      | Entered Level 5 of the Dungeon
   559 | D:5      | Reached XP level 4. HP: 44/45 MP: 3/3
   563 | D:5      | Reached skill level 1 in Throwing
   563 | D:5      | Reached skill level 4 in Unarmed Combat
   597 | D:6      | Reached XP level 5. HP: 47/53 MP: 4/4
   708 | D:6      | Reached XP level 6. HP: 37/61 MP: 5/5
   712 | D:6      | Reached skill level 5 in Unarmed Combat
   829 | D:6      | Noticed an orc warrior
   832 | D:6      | Killed an orc warrior
   842 | D:6      | Noticed ololoev's ghost (weakling TrWr)
   879 | D:6      | Killed ololoev's ghost
   879 | D:6      | Reached XP level 7. HP: 61/68 MP: 6/6
   948 | D:7      | Reached skill level 6 in Unarmed Combat
  1114 | D:8      | Reached XP level 8. HP: 61/78 MP: 7/7
  1144 | D:7      | Reached skill level 7 in Unarmed Combat
  1167 | D:7      | Found a shimmering altar of Xom.
  1168 | D:7      | Found a shimmering altar of Xom.
  1169 | D:7      | Found a shimmering altar of Xom.
  1169 | D:7      | Found a shimmering altar of Xom.
  1363 | D:8      | Noticed Prince Ribbit
  1364 | D:8      | Found a snail-covered altar of Cheibriados.
  1442 | D:7      | Reached skill level 5 in Fighting
  1457 | D:7      | Reached skill level 8 in Unarmed Combat
  1468 | D:7      | Reached *** piety under Trog
  1507 | D:8      | Reached skill level 1 in Armour
  1514 | D:8      | Reached XP level 9. HP: 34/85 MP: 8/8
  1656 | D:9      | Slain by an orc warrior

Dungeon Overview and Level Annotations

Branches:
Dungeon (9/15)
 Temple: D:4-7         Lair: D:8-11         Orc: D:9-12

Altars:
Cheibriados
Kikubaaqudgha
Okawaru
Qazlal
Xom

Annotations:
D:8 Prince Ribbit


Message History

The iguana bites you.
You claw the iguana!
You kill the iguana!
Trog accepts your kill.
You feel sick.
No target in view!
No target in view!
No target in view!
No target in view!
No target in view!
No target in view!
You butcher the worker ant corpse.
t - 9 chunks of flesh (gained 3)
You feel sick.
Eat one of 9 chunks of flesh? (ye/n/q/i?) This raw flesh tastes great.
You feel sick.
You continue eating. x2
Eat one of 8 chunks of flesh? (ye/n/q/i?) This raw flesh tastes great.
You continue eating.
You feel sick.
You continue eating.
Eat one of 7 chunks of flesh? (ye/n/q/i?) This raw flesh tastes great.
You continue eating.
You feel sick.
You continue eating.
You feel sick.
You feel sick.
You are no longer poisoned.
d - 4 scrolls of remove curse (gained 1)
There is a stone staircase leading down here.
You climb downwards.
An orc, an orc warrior and an orc wizard come into view.
The orc wizard shouts!
The orc shouts!
There is a stone staircase leading up here.
You mangle the orc warrior!! Your claw misses the orc warrior.
The orc warrior is severely wounded.
You closely miss the orc warrior.
The orc warrior is severely wounded.
The orc warrior hits you with a vampiric trident!
The orc warrior draws strength from your injuries!
You closely miss the orc warrior.
The orc warrior is heavily wounded.
The orc wizard casts a spell.
The orc wizard seems to speed up.
The orc warrior hits you with a vampiric trident!
You are too injured to fight recklessly!
You are too injured to fight recklessly!
You are too injured to fight recklessly!
You are too injured to fight recklessly!
You are too injured to fight recklessly!
You are too injured to fight recklessly!
You are too injured to fight recklessly!
You are too injured to fight recklessly!
You are too injured to fight recklessly!
You are too injured to fight recklessly!
You are too injured to fight recklessly!
Press: ? - help, v - describe, . - travel
Here: an orc warrior, wielding a vampiric trident and wearing a plate armour (heavily wounded)
The floor, spattered with blood.
You barely miss the orc warrior.
The orc warrior is heavily wounded.
The orc warrior hits you with a vampiric trident.
You scratch the orc warrior but do no damage.
The orc warrior is heavily wounded.
You scratch the orc warrior.
The orc warrior is heavily wounded.
The orc warrior hits you with a vampiric trident!
The orc warrior draws strength from your injuries!
You closely miss the orc warrior.
The orc warrior is lightly wounded.
The orc warrior hits you with a vampiric trident!
The orc warrior draws strength from your injuries!
Use which ability? (? or * to list)
Your skin crawls.
You feel resistant to hostile enchantments.
You feel slightly less full.
The orc warrior hits you with a vampiric trident!
You die...

You could see an orc warrior, an orc wizard and an orc.

Vanquished Creatures
  An orc warrior (D:6)
  A phantom (D:8)
  2 black bears
  4 necrophages
  3 ogres (D:7)
  A centaur (D:7)
  A crocodile (D:8)
  A giant frog (D:7)
  2 scorpions
  The ghost of ololoev the Ruffian, a weakling TrWr of Makhleb (D:6)
  A wight (D:7)
  A crimson imp (D:7)
  A giant frog zombie (D:6)
  2 centaur zombies
  A jelly (D:8)
  5 orc wizards
  A gnoll shaman (D:7)
  A hound (D:7)
  2 giant frog skeletons
  An iguana (D:8)
  2 worker ants
  A hound zombie (D:6)
  A worker ant zombie (D:8)
  11 gnolls (D:6)
  7 adders
  A howler monkey skeleton (D:6)
  A shadow imp (D:7)
  2 worms (D:3)
  12 orcs
  A bat (D:2)
  3 giant cockroaches
  6 goblins
  6 hobgoblins
  A ball python (D:3)
  2 giant newts
  5 kobolds
  4 rats
99 creatures vanquished.

Action                   |  1- 3 |  4- 6 |  7- 9 || total
-------------------------+-------+-------+-------++-------
Melee: Unarmed           |    94 |    69 |   179 ||   342
       Punch             |       |     3 |     1 ||     4
Invok: Trog's Hand       |       |     2 |     6 ||     8
       Berserk           |       |     1 |     4 ||     5
  Use: Scroll            |       |       |     6 ||     6
       Potion            |       |       |     1 ||     1
  Eat: Chunk             |     6 |     7 |    14 ||    27
Armor: Animal skin       |    21 |     7 |    54 ||    82
Dodge: Dodged            |    48 |    23 |    72 ||   143

Vault maps used:
D:1:      dpeg_arrival_arbitrary_b
D:2:      okawaru_ov_weapons_minmay, nicolae_overflow_crystal_walls
D:3:      lemuel_coloured_pillars_altar, minivault_24, minmay_misc_feat_iff,
          serial_bayou_ford_a, dk_noncrumbling_4,
          nicolae_qazlal_general_emergency
D:4:      corexii_shack_village, minmay_temple_entry_water_ring, serial_glass,
          glass_columns_b, glass_columns_a, glass_columns_b
D:5:      lemuel_castle_with_subvaults, lemuel_round_altar, marbit_many_paths,
          first_bread, makhleb_heckhound_becter
D:6:      serial_park_tiny_pond, uniq_pikel
D:7:      nemelex_deck, xom_redecorated, serial_undead, serial_undead_f,
          serial_undead_a, serial_undead_b, serial_undead_c, grunt_ogre_cave
D:8:      old_standard_altar, uniq_prince_ribbit1
D:9:      kennysheep_windowed_halls, uniq_joseph, uniq_maurice
